 Dungeon Crawl Stone Soup version 0.26.1-11-gd32895ea62 (webtiles) character file.

Game seed: 591780337836307063

204 mankey1987 the Ducker (level 5, 0/81 HPs)
             Began as an Ogre Monk on May 30, 2021.
             Succumbed to a worker ant's poison
             ... on level 4 of the Dungeon.
             The game lasted 00:03:50 (3786 turns).

mankey1987 the Ducker (Ogre Monk)                   Turns: 3786, Time: 00:03:51

Health: 0/81       AC: 22    Str: 15    XL:     5   Next: 82%
Magic:  1/5        EV:  1    Int: 17    God:
Gold:   114        SH:  0    Dex: 12    Spells: 4/4 levels left

rFire    . . .     SeeInvis .   a - +0 mace
rCold    . . .     Faith    .   (no shield)
rNeg     + + +     Spirit   +   (armour currently unavailable)
rPois    +         Reflect  .   (helmet currently unavailable)
rElec    .         Harm     .   (cloak currently unavailable)
rCorr    .         Rampage  .   (gloves unavailable)
Will     .....     NoTele   +   (boots unavailable)
Stlth    ++........             e - amulet of guardian spirit
HPRegen  0.23/turn              h - +6 ring of intelligence
MPRegen  0.09/turn              (no ring)

@: lethally poisoned (0 -> -3), tree-form, berserk cooldown
A: large, unfitting armour
a: no special abilities


You were on level 4 of the Dungeon.
You were a tree.
You visited 1 branch of the dungeon, and saw 4 of its levels.

You collected 114 gold pieces.

Inventory:

Hand Weapons
 a - a +0 mace (weapon)
Armour
 b - a +0 robe (melded)
Jewellery
 e - an amulet of guardian spirit (around neck)
 f - an uncursed ring of magical power
 h - a +6 ring of intelligence (left branch)
 k - an uncursed amulet of regeneration {unknown}
 s - an uncursed ring of magical power
Wands
 r - a wand of iceblast (4)
 t - a wand of digging (2)
Scrolls
 c - a scroll of random uselessness {unknown}
 d - a scroll of fog {unknown}
 g - 2 scrolls of immolation {unknown}
 i - a scroll of blinking {unknown}
 j - a scroll of noise {unknown}
 n - 2 scrolls of teleportation {unknown}
 q - a scroll of identify {unknown}
 v - a scroll of enchant armour {unknown}
 w - a scroll of remove curse {unknown}
Potions
 m - a potion of berserk rage
 u - a potion of brilliance {unknown}


   Skills:
 - Level 4.0 Fighting
 - Level 2.6 Maces & Flails
 + Level 5.7 Dodging
 - Level 1.4 Stealth


You had 4 spell levels left.
You didn't know any spells.
Your spell library contained the following spells:

 Spells                   Type           Power        Failure   Level
 Beastly Appendage        Tmut           0%           24%         1
 Wereblood                Tmut           0%           34%         2
 Spider Form              Tmut/Pois      0%           56%         3
 Ice Form                 Ice/Tmut       0%           93%         4
 Blade Hands              Tmut           0%           100%        5


Dungeon Overview and Level Annotations

Branches:
Dungeon (4/15)
 Temple: D:4-7

Altars:
Fedhas
Makhleb
Nemelex Xobeh
Wu Jian
Xom
The Shining One


Innate Abilities, Weirdness & Mutations

You are too large for most types of armour.
((You have tough skin. (AC +1)))


Message History

You feel a strong urge to attack something.
An adder comes into view.
The adder hisses angrily.
Found a stone staircase leading down.
You feel your anger nearly subside.
You are no longer berserk.
You are exhausted.
You feel yourself slow down.
It was a potion of cancellation.
Your magical effects are unravelling.
You feel magically purged.
You feel yourself speed up.
You float gracefully downwards.
You are no longer corroded.
The worker ant bites you.
* * * LOW HITPOINT WARNING * * *
You are lethally poisoned!
The worker ant poisons you! The worker ant barely misses you.
It was a potion of lignification.
You turn into a tree.
Your +0 robe melds into your body.
Your roots penetrate the ground.
You die...

.. .# .. .## #..... ..#
#.... #.# #... #.###..##
#♣##....# ######BS#....#
#.......#....######
##..........(.'.))(#
........#.....####.#
#.......#...######.#
#<#.....##.........#####
# #.....##.........'.#<.
+................#.###


You could see a worker ant and an adder.

Vanquished Creatures
  A hound (D:4)
  A jelly (D:4)
  2 orc wizards (D:4)
  4 adders
  An ooze (D:1)
  A worm (D:2)
  4 dart slugs
  2 leopard geckos
  3 orcs
  6 bats
  7 giant cockroaches
  8 goblins
  5 hobgoblins
  4 jackals (D:2)
  2 quokkas (D:3)
  A ball python (D:2)
  3 frilled lizards
  2 kobolds (D:2)
  A leopard gecko skeleton (D:4)
  2 rats
60 creatures vanquished.

Notes
Turn   | Place    | Note
-------+----------+-------------------------------------------
     0 | D:1      | mankey1987 the Ogre Monk began the quest for the Orb.
     0 | D:1      | Reached XP level 1. HP: 24/24 MP: 1/1
    65 | D:1      | Reached skill level 3 in Dodging
   195 | D:1      | Reached XP level 2. HP: 32/32 MP: 2/2
   873 | D:2      | Reached XP level 3. HP: 38/39 MP: 3/3
   913 | D:2      | Reached skill level 4 in Dodging
  1114 | D:2      | Found an ornate altar of the Wu Jian Council.
  1390 | D:2      | Found a shimmering altar of Xom.
  1390 | D:2      | Found a glowing golden altar of the Shining One.
  1637 | D:2      | Found a blossoming altar of Fedhas.
  1656 | D:2      | Reached XP level 4. HP: 36/48 MP: 4/4
  2043 | D:3      | Found a faded altar of an unknown god.
  2071 | D:3      | Found a sparkling altar of Nemelex Xobeh.
  2826 | D:3      | Found a burning altar of Makhleb.
  3118 | D:4      | Reached skill level 5 in Dodging
  3118 | D:4      | Reached XP level 5. HP: 28/54 MP: 2/5
  3785 | D:4      | HP: 1/54 [worker ant (5)]
  3786 | D:4      | Succumbed to a worker ant's poison

Illustrated notes

Levels and vault maps discovered:
D:1:      dpeg_arrival_shrine, layout_loops_ring, item_on_display_b
D:2:      layout_loops_ring, lemuel_round_altar, nzn_wu_jian_contemplation,
          gammafunk_temple_overflow_wave
D:3:      layout_basic, overflow_temple_1_default, portal_sewer_entry_e,
          chequers_ecumenical_altar_island, corexii_leaking_fountain,
          bloody_makhleb
D:4:      layout_basic, lemuel_round_altar, lemuel_crystal_altar, temple_hall

Skill      XL: |  1  2  3  4 |
---------------+-------------+-----
Dodging        | 3 4 5 |  5.7
Fighting       | |  4.0
Maces & Flails | |  2.6
Stealth        | |  1.4

Action                   |  1- 3 |  4- 6 || total
-------------------------+-------+-------++-------
Melee: Mace              |   111 |    99 ||   210
  Use: Potion            |     2 |     5 ||     7
 Stab: Sleeping          |     2 |     1 ||     3
Armor: Robe              |    46 |    30 ||    76
Dodge: Dodged            |    96 |    76 ||   172
